 Dungeon Sprint DCSS version 0.22.1-1-ga44c0e56f4 (webtiles) character file.

16 MuseOD the Sneak (level 2, -4/15 HPs)
             Began as a Spriggan Enchanter on Oct 1, 2018.
             Slain by a human (5 damage)
             ... in the Dungeon (Sprint III: "The Ten Rune Challenge").
             The game lasted 00:01:46 (232 turns).

MuseOD the Sneak (Spriggan Enchanter)                Turns: 232, Time: 00:01:47

Health: -4/15      AC:  2    Str:  4    XL:     2   Next: 41%
Magic:  2/6        EV: 18    Int: 16    God:
Gold:   8          SH:  0    Dex: 16    Spells: 3/6 levels left

rFire    . . .     SeeInvis +   a - +1 dagger
rCold    . . .     Gourm    .   (shield restricted)
rNeg     . . .     Faith    .   b - +0 robe
rPois    .         Spirit   .   (helmet restricted)
rElec    .         Reflect  .   (no cloak)
rCorr    .         Harm     .   (gloves unavailable)
MR       .....     NoTele   +   (boots unavailable)
Stlth    +++.......             (no amulet)
HPRegen  0.05/turn              (no ring)
MPRegen  0.10/turn              (no ring)

@: very slightly contaminated, very quick
A: very small, unfitting armour, see invisible, herbivore, speed 3, slow
metabolism 2
a: no special abilities


You were in the Dungeon.
You were not hungry.

You visited 1 branch You collected 8 gold pieces.

Inventory:

Hand Weapons
 a - a +1 dagger (weapon)
Armour
 b - a +0 robe (worn)
Scrolls
 j - a scroll of blinking
Potions
 e - a potion of curing
 f - a potion of heal wounds
 g - a potion of haste
 h - 2 potions of magic
 i - a potion of berserk rage
Comestibles
 d - 2 rations


   Skills:
 + Level 1.7 Fighting
 * Level 3.9 Short Blades
 - Level 3.0 Dodging
 + Level 5.9 Stealth
 - Level 2.6 Spellcasting
 - Level 3.6 Hexes


You had 3 spell levels left.
You knew the following spells:

 Your Spells              Type           Power        Failure   Level  Hunger
a - Corona                Hex            ##.....      4%          1    #......
b - Ensorcelled Hibernat  Hex/Ice        #.....       14%         2    ##.....

Your spell library contained the following spells:

 Spells                   Type           Power        Failure   Level  Hunger
 Confuse                  Hex            ##......     13%         3    ###....
 Tukima's Dance           Hex            ##......     13%         3    ###....
 Dazzling Spray           Conj/Hex       #.....       28%         3    ###....


Dungeon Overview and Level Annotations

Branches:
Dungeon (1/1)

Altars:


Innate Abilities, Weirdness & Mutations

You are very small and have problems with some larger weapons.
You are too small for most types of armour.
You have supernaturally acute eyesight. (SInv)
You are a herbivore.
You cover ground extremely quickly.
You need to consume almost no food.


Message History

The human completely misses you.
You hit the human but do no damage.
The human is almost dead.
The human hits you.
You hit the human but do no damage.
The human is almost dead.
The human hits you.
You closely miss the human.
The human is almost dead.
You hit the human but do no damage.
The human is almost dead.
The human completely misses you.
You hit the human.
The human is almost dead.
The human hits you.
* * * LOW HITPOINT WARNING * * *
You hit the human but do no damage.
The human is almost dead.
The human hits you.
You die...

▓▓▓▓▓▓▓▓▓ ▓▓
▓<..#...#### ##.#
▓...#......#####..#
▓..##.......#!!#..#
▓##.##.##...#$@#..#
##.##.###..##p#..#
▓#.####.##..###...+
▓.###..##..####...#
▓#.....##..###....#
###..##†.p##.....#
#..##....#......#
#..###..##.#.....#
#(. #..#####....#


You could see a human.

Vanquished Creatures
  A wolf (D)
  4 rats (D)
5 creatures vanquished.

Vanquished Creatures (others)
  6 hellions (D)
  A yaktaur (D)
7 creatures vanquished.

Grand Total: 12 creatures vanquished

Notes
Turn   | Place    | Note
-------+----------+-------------------------------------------
     0 | D        | MuseOD the Spriggan Enchanter began the quest for the Orb.
     0 | D        | Reached XP level 1. HP: 9/9 MP: 5/5
    39 | D        | Noticed a wolf
    42 | D        | Killed a wolf
    42 | D        | Reached skill level 1 in Fighting
    42 | D        | Reached skill level 5 in Stealth
    42 | D        | Reached XP level 2. HP: 15/15 MP: 6/6
    50 | D        | Learned a level 2 spell: Ensorcelled Hibernation
    71 | D        | Killed a yaktaur
   115 | D        | Killed a hellion
   117 | D        | Killed a hellion
   131 | D        | Killed a hellion
   150 | D        | Killed a hellion
   151 | D        | Killed a hellion
   220 | D        | Killed a hellion
   232 | D        | Slain by a human

Skill      XL: |  1 |
---------------+----+-----
Short Blades   | 3 |  3.9
Fighting       | 1 |  1.7
Stealth        | 5 |  5.9
Dodging        | |  3.0
Spellcasting   | |  2.6
Hexes          | |  3.6

Action                   || total
-------------------------++-------
Melee: Dagger            ||    23
 Cast: Ensorcelled Hiber ||     6
 Stab: Sleeping          ||     5
Armor: Robe              ||     1
Dodge: Dodged            ||    12
